[Event "December 12 Early 2023"]
[Site "https://www.chess.com"]
[Date "2023.12.12"]
[Round "4"]
[White "Storn, Justin"]
[Black "Omelja, Artem"]
[Result "0-1"]
[Board "91"]
[TimeControl "180+1"]
[WhiteFideId "30922720"]
[BlackFideId "14119846"]
[WhiteElo "2340"]
[BlackElo "2644"]
[WhiteTeam "USA"]
[BlackTeam "UKR"]
[WhiteClock "0:00:08"]
[BlackClock "0:00:10"]

1. Nf3 d5 2. g3 c6 3. Bg2 Nf6 4. O-O Bf5 5. d4 e6 6. Nh4 Bg4 7. h3 Bh5 8. g4 Ne4 9. Nf3 Bg6 10. Ne5 Nd7 11. Nxg6 hxg6 12. Bf4 Ndf6 13. Nd2 Bd6 14. Bxd6 Qxd6 15. Nf3 O-O-O 16. Ne5 Qc7 17. Qd3 Rh4 18. f4 Rdh8 19. Rf3 Nd6 20. b3 Nfe4 21. c4 Qe7 22. c5 Ne8 23. Re3 N8f6 24. b4 Nd7 25. Nf3 Rxh3 26. Bxh3 Rxh3 27. Ng5 Rh4 28. Nxe4 dxe4 29. Qxe4 Rxg4+ 30. Kf2 Qh4+ 31. Kf1 Rxf4+ 32. Qxf4 Qxf4+ 33. Rf3 Qxd4 34. Rxf7 Qxa1+ 0-1

[Event "December 12 Early 2023"]
[Site "https://www.chess.com"]
[Date "2023.12.12"]
[Round "4"]
[White "Fernandez Siles, Luis"]
[Black "Golubev, Mikhail"]
[Result "0-1"]
[Board "92"]
[TimeControl "180+1"]
[WhiteFideId "2209420"]
[BlackFideId "14100983"]
[WhiteElo "2317"]
[BlackElo "2643"]
[WhiteTeam "ESP"]
[BlackTeam "UKR"]
[WhiteClock "0:00:17"]
[BlackClock "0:00:01"]

1. e4 c5 2. Nf3 d6 3. Bb5+ Bd7 4. Bxd7+ Qxd7 5. O-O Nf6 6. Re1 Nc6 7. c3 e6 8. d4 cxd4 9. cxd4 d5 10. e5 Ne4 11. Nbd2 Nxd2 12. Bxd2 Be7 13. Rc1 O-O 14. Rc3 a5 15. a3 a4 16. Rd3 Na5 17. Ng5 h6 18. Nh3 Nc4 19. Bc1 f5 20. Qh5 Qe8 21. Qf3 g5 22. Qg3 Kh7 23. Nxg5+ Bxg5 24. Bxg5 Rg8 25. f4 hxg5 26. fxg5 Qg6 27. h4 Kg7 28. b3 axb3 29. Rxb3 Rgb8 30. Qf2 Qh5 31. g6 Qg4 32. Rg3 Qh5 33. Rg5 Qh6 34. Qg3 Rxa3 35. Qf4 b5 36. g4 Qxh4 37. Rh5 Qxe1+ 0-1

[Event "December 12 Early 2023"]
[Site "https://www.chess.com"]
[Date "2023.12.12"]
[Round "4"]
[White "Renjith, Sravan"]
[Black "Ernst, Luca"]
[Result "1-0"]
[Board "93"]
[TimeControl "180+1"]
[WhiteFideId "4306783"]
[BlackFideId "45117055"]
[WhiteElo "2641"]
[BlackElo "2316"]
[WhiteTeam "NZL"]
[BlackTeam "FRA"]
[WhiteClock "0:00:05"]
[BlackClock "0:00:00"]

1. e4 e5 2. Nf3 Nc6 3. Nc3 Nf6 4. d4 exd4 5. Nxd4 Bb4 6. Nxc6 bxc6 7. Bd3 O-O 8. O-O Re8 9. Qf3 h6 10. h3 d5 11. exd5 cxd5 12. Ne2 c5 13. c3 Ba5 14. Rd1 Bb7 15. Ng3 Qd7 16. Nf5 d4 17. Qg3 Nh5 18. Qg4 Qc6 19. Nxh6+ Kf8 20. Nf5 Re5 21. cxd4 cxd4 22. Nxd4 Qd5 23. Be3 Rae8 24. Nb3 Nf6 25. Bc5+ Kg8 26. Bf1 1-0

[Event "December 12 Early 2023"]
[Site "https://www.chess.com"]
[Date "2023.12.12"]
[Round "4"]
[White "Ovetchkin, Roman"]
[Black "Skibbe, Willi"]
[Result "1-0"]
[Board "94"]
[TimeControl "180+1"]
[WhiteFideId "4119991"]
[BlackFideId "4682190"]
[WhiteElo "2639"]
[BlackElo "2300"]
[WhiteTeam "RUS"]
[BlackTeam "GER"]
[WhiteClock "0:00:59"]
[BlackClock "0:00:25"]

1. d4 d5 2. c4 e6 3. Nf3 Nf6 4. g3 Be7 5. Bg2 O-O 6. O-O c6 7. Qc2 b6 8. Nbd2 c5 9. cxd5 exd5 10. dxc5 bxc5 11. b3 Nc6 12. Bb2 Be6 13. Ng5 h6 14. Nxe6 fxe6 15. Rfe1 Rc8 16. Rad1 Qb6 17. Qg6 Bd6 18. e4 Ne7 19. Qxf6 gxf6 20. exd5 exd5 21. Re6 Qc7 22. Rde1 d4 23. Nc4 Be5 24. f4 Ng6 25. fxe5 Nxe5 26. Nxe5 fxe5 27. R6xe5 Qf7 28. Bd5 1-0

[Event "December 12 Early 2023"]
[Site "https://www.chess.com"]
[Date "2023.12.12"]
[Round "4"]
[White "Nechitaylo, Nikita"]
[Black "Skliarov, Viktor"]
[Result "0-1"]
[Board "95"]
[TimeControl "180+1"]
[WhiteFideId "34138161"]
[BlackFideId "14106736"]
[WhiteElo "2289"]
[BlackElo "2639"]
[WhiteTeam "UKR"]
[BlackTeam "UKR"]
[WhiteClock "0:00:01"]
[BlackClock "0:00:22"]

1. d4 Nf6 2. c4 e6 3. Nc3 Bb4 4. e3 b6 5. Ne2 Ne4 6. Qc2 Bb7 7. a3 Bxc3+ 8. Nxc3 Nxc3 9. Qxc3 O-O 10. b4 d6 11. Bb2 a5 12. d5 Qg5 13. h4 axb4 14. axb4 Rxa1+ 15. Bxa1 Qg6 16. Bd3 Qxg2 17. Be4 Qg4 18. Bf3 Qg6 19. h5 Qh6 20. Rg1 e5 21. c5 bxc5 22. bxc5 Na6 23. c6 Bc8 24. Qa5 Qf6 25. Be2 Qf5 26. Kd2 Qxf2 27. Rf1 Qg2 28. h6 g6 29. Ke1 Qg3+ 30. Kd1 Qxe3 31. Bxa6 Bxa6 32. Qxa6 Rb8 33. Qb7 Rxb7 34. cxb7 Qb3+ 35. Kd2 Qxb7 36. Rc1 Qxd5+ 37. Ke2 Qe4+ 38. Kf2 Qf4+ 0-1

[Event "December 12 Early 2023"]
[Site "https://www.chess.com"]
[Date "2023.12.12"]
[Round "4"]
[White "Daroczi, Donat"]
[Black "Kokoszczynski, Jan"]
[Result "1-0"]
[Board "96"]
[TimeControl "180+1"]
[WhiteFideId "788376"]
[BlackFideId "1174460"]
[WhiteElo "2279"]
[BlackElo "2635"]
[WhiteTeam "HUN"]
[BlackTeam "POL"]
[WhiteClock "0:00:47"]
[BlackClock "0:00:00"]

1. d4 f5 2. c4 Nf6 3. Nc3 d6 4. g3 Nbd7 5. Bg2 g6 6. Nh3 Bg7 7. O-O e5 8. e4 fxe4 9. Ng5 Qe7 10. Ncxe4 O-O 11. Re1 h6 12. Nxf6+ Qxf6 13. Ne4 Qf7 14. Qc2 Kh8 15. d5 Nf6 16. Be3 Bf5 17. b4 a5 18. a3 Nxe4 19. Bxe4 Bxe4 20. Qxe4 Qf5 21. Bd2 axb4 22. Qxf5 gxf5 23. axb4 e4 24. Rxa8 Rxa8 25. Rc1 h5 26. Bf4 Bd4 27. c5 Ra2 28. cxd6 1-0

[Event "December 12 Early 2023"]
[Site "https://www.chess.com"]
[Date "2023.12.12"]
[Round "4"]
[White "Dobrikov, Marco"]
[Black "Rodriguez Avila, Alvaro"]
[Result "1-0"]
[Board "97"]
[TimeControl "180+1"]
[WhiteFideId "12950378"]
[BlackFideId "24570249"]
[WhiteElo "2632"]
[BlackElo "2260"]
[WhiteTeam "GER"]
[BlackTeam "ESP"]
[WhiteClock "0:01:01"]
[BlackClock "0:00:00"]

1. c4 e5 2. Nc3 Nc6 3. g3 g6 4. Bg2 Bg7 5. e3 h5 6. h4 d6 7. d3 Bg4 8. Nge2 Nge7 9. a3 a5 10. Rb1 Qd7 11. b4 axb4 12. axb4 O-O 13. b5 Nd8 14. O-O c6 15. bxc6 bxc6 16. Qc2 Bh3 17. e4 Bxg2 18. Kxg2 Ne6 19. Be3 Nd4 20. Bxd4 exd4 21. Nd1 Ra3 22. f3 Rfa8 23. Nf2 Ra2 24. Rb2 Rxb2 25. Qxb2 Qa7 26. Rb1 Qa2 27. Qxa2 Rxa2 28. Kf1 c5 29. Rb6 Bf8 30. Nf4 Ra1+ 31. Kg2 Ra2 32. g4 hxg4 33. fxg4 Bg7 34. Rxd6 Be5 35. Rd8+ Kg7 36. Nd5 Nxd5 37. Rxd5 Bf4 38. Kf3 Be3 39. Nd1 Rd2 40. Nxe3 Rxd3 41. Rxc5 Rxe3+ 42. Kf4 Rc3 43. e5 Rc1 44. Kg5 d3 45. Rd5 Rxc4 46. Rxd3 Re4 47. Rd5 Re1 48. h5 gxh5 49. Kxh5 Rh1+ 50. Kg5 Re1 51. Rc5 Re2 52. Kf5 Rf2+ 53. Ke4 Re2+ 54. Kf3 Re1 55. Kg3 Kg6 56. Rc6+ Kg7 57. Kf4 Rf1+ 58. Ke4 Re1+ 59. Kd5 Rd1+ 60. Kc5 Rg1 61. Rc7 Kg6 62. Rc6+ Kg7 63. Kd6 Rxg4 64. Ke7 Rf4 65. Rf6 Re4 66. Rxf7+ Kg6 67. e6 Re1 68. Rf2 Re3 69. Kd7 Rd3+ 70. Ke8 Re3 71. e7 Re1 72. Kf8 Rh1 73. e8=Q+ 1-0

[Event "December 12 Early 2023"]
[Site "https://www.chess.com"]
[Date "2023.12.12"]
[Round "4"]
[White "Jia, Haoxiang"]
[Black "Deveci, Huseyin Said"]
[Result "0-1"]
[Board "98"]
[TimeControl "180+1"]
[WhiteFideId "8602999"]
[BlackFideId "26322455"]
[WhiteElo "2621"]
[BlackElo "2260"]
[WhiteTeam "CHN"]
[BlackTeam "TUR"]
[WhiteClock "0:00:30"]
[BlackClock "0:00:09"]

1. d4 d5 2. Bf4 c5 3. e3 cxd4 4. exd4 Bf5 5. Nf3 e6 6. Bxb8 Rxb8 7. Bb5+ Ke7 8. O-O f6 9. c4 dxc4 10. Bxc4 Nh6 11. Re1 Nf7 12. Nc3 Nd6 13. Bxe6 Bxe6 14. d5 Kf7 15. dxe6+ Kg8 16. Qb3 Be7 17. Rad1 Qb6 18. Qxb6 axb6 19. Nd5 Kf8 20. Nxb6 Rd8 21. Nd7+ Kg8 22. Rxd6 Bxd6 23. e7 Re8 24. Rd1 Bxe7 25. Nb6 Bc5 26. Nd7 Be7 27. Nb6 Kf7 28. h4 Rd8 29. Rc1 Rd6 30. Na4 b5 31. Nc3 b4 32. Ne4 Re6 33. Ng3 Ra6 34. a3 bxa3 35. bxa3 g6 36. h5 Rxa3 37. Rc7 Rd8 38. Ne4 Ra4 39. Nc3 Ra1+ 40. Kh2 Ke6 41. Nb5 Rad1 42. g3 R1d3 43. Kg2 g5 44. h6 R8d7 45. Rc6+ Kf5 46. Ne1 Rd1 47. Nc2 g4 48. Ne3+ Kg5 49. Nxd1 Rxd1 50. Rc7 Re1 51. Nd4 Re4 52. Nc6 Bc5 53. Nd8 Bb6 54. Nf7+ Kg6 55. Nh8+ Kxh6 56. Rc6 Bd4 57. Nf7+ Kg6 58. Nd6 Re2 59. Rc4 Rxf2+ 60. Kg1 Rd2+ 61. Kf1 Be5 62. Ne4 Rd1+ 63. Ke2 Rd4 64. Rxd4 Bxd4 65. Kd3 Be5 66. Ke3 h5 67. Kf2 f5 68. Nc5 Bd4+ 69. Kg2 Bxc5 70. Kh2 Kg5 71. Kg2 h4 72. Kh2 hxg3+ 73. Kh1 f4 74. Kg2 f3+ 75. Kh1 g2+ 76. Kh2 g1=Q# 0-1

[Event "December 12 Early 2023"]
[Site "https://www.chess.com"]
[Date "2023.12.12"]
[Round "4"]
[White "Borgaonkar Akshay"]
[Black "Pertinez Soria, Juan Luis"]
[Result "1/2-1/2"]
[Board "99"]
[TimeControl "180+1"]
[WhiteFideId "25639110"]
[BlackFideId "2225620"]
[WhiteElo "2621"]
[BlackElo "2214"]
[WhiteTeam "IND"]
[BlackTeam "ESP"]
[WhiteClock "0:01:05"]
[BlackClock "0:01:01"]

1. Nf3 g6 2. g3 Bg7 3. Bg2 Nf6 4. O-O O-O 5. c4 d6 6. d3 e5 7. Nc3 Nc6 8. Rb1 a6 9. b4 Bf5 10. Nd2 Re8 11. b5 axb5 12. Rxb5 Ra7 13. Nde4 Bxe4 14. Nxe4 Nxe4 15. Bxe4 f5 16. Bd5+ Kh8 17. Rxb7 Rxb7 18. Bxc6 Ra7 19. Bxe8 Qxe8 20. Qb3 Qa8 21. Be3 Rxa2 22. Rb1 h6 23. Qb8+ Qxb8 24. Rxb8+ Kh7 25. Rb7 Rxe2 26. Rxc7 g5 27. c5 dxc5 28. Bxc5 Kg6 29. Kg2 g4 30. Rd7 f4 31. gxf4 exf4 32. Bd4 Bxd4 33. Rxd4 f3+ 34. Kg3 h5 35. h3 gxh3 36. Kxf3 Rd2 37. Ke3 Rd1 38. Rh4 Rh1 39. f4 h2 40. Kf2 Rd1 41. Rxh2 Rxd3 42. Ke2 Rb3 43. Rh1 Kf5 44. Rxh5+ Kxf4 45. Rh8 Kg5 46. Rg8+ Kf6 47. Rf8+ Kg5 48. Rf1 Ra3 49. Rb1 Rc3 50. Rb4 Ra3 51. Rc4 Rb3 52. Kd2 Ra3 53. Kc2 Rh3 54. Rc8 Kf6 55. Rf8+ Ke5 56. Rf2 Kd4 57. Rf4+ Kd5 58. Ra4 Kc5 59. Kb2 Kb5 60. Rf4 Kc5 61. Rf2 Kb5 62. Rc2 Kb4 63. Rc8 Kb5 64. Rc3 Rxc3 65. Kxc3 1/2-1/2

[Event "December 12 Early 2023"]
[Site "https://www.chess.com"]
[Date "2023.12.12"]
[Round "4"]
[White "BestestBP"]
[Black "Asish Panda"]
[Result "0-1"]
[Board "100"]
[TimeControl "180+1"]
[BlackFideId "45012458"]
[WhiteElo "2145"]
[BlackElo "2547"]
[BlackTeam "IND"]
[WhiteClock "0:00:01"]
[BlackClock "0:00:16"]

1. d4 d5 2. Nf3 Nf6 3. c4 e6 4. g3 Be7 5. Bg2 O-O 6. O-O b6 7. Nc3 Bb7 8. Qd3 Nbd7 9. Ne5 dxc4 10. Qxc4 Bxg2 11. Kxg2 c5 12. Nc6 Qe8 13. Nxe7+ Qxe7 14. dxc5 Nxc5 15. Bg5 Rac8 16. Qh4 Qb7+ 17. Kg1 Nd5 18. Nxd5 Qxd5 19. Rfd1 Qe5 20. Be7 Rfe8 21. Bxc5 bxc5 22. Rd2 c4 23. Rc1 c3 24. bxc3 Rxc3 25. Rxc3 Qxc3 26. Qd4 Qc1+ 27. Rd1 Qc2 28. Rd2 Qb1+ 29. Kg2 Qb7+ 30. f3 h6 31. Rb2 Qa6 32. Qe3 Rc8 33. Rd2 Qa4 34. Kf2 a5 35. Qb3 Qc6 36. Rd3 a4 37. Qa3 Qb6+ 38. Re3 Rc4 39. Qd3 Qc5 40. Kg2 Rc2 41. a3 g6 42. Re4 Rc1 43. Qe3 Qc2 44. Qxh6 Qd1 45. Rh4 Qf1# 0-1

[Event "December 12 Early 2023"]
[Site "https://www.chess.com"]
[Date "2023.12.12"]
[Round "4"]
[White "Skiadopoulos, Nikolaos"]
[Black "Sroczynski, Maciej"]
[Result "0-1"]
[Board "101"]
[TimeControl "180+1"]
[WhiteFideId "4200772"]
[BlackFideId "1121472"]
[WhiteElo "1748"]
[BlackElo "2530"]
[WhiteTeam "GRE"]
[BlackTeam "POL"]
[WhiteClock "0:00:38"]
[BlackClock "0:01:57"]

1. e4 c5 2. Bc4 e6 3. Qe2 a6 4. a4 Nc6 5. Nf3 d6 6. c3 Nf6 7. d4 cxd4 8. cxd4 Be7 9. Nc3 O-O 10. d5 exd5 11. exd5 Nb4 12. O-O Bg4 13. h3 Bh5 14. Re1 Re8 15. a5 Nd7 16. g4 Bg6 17. Be3 Nc2 18. Bb6 Nxb6 19. axb6 Nxa1 20. Rxa1 Qxb6 0-1

[Event "December 12 Early 2023"]
[Site "https://www.chess.com"]
[Date "2023.12.12"]
[Round "4"]
[White "Baskakov, Egor"]
[Black "Estrada Nieto, Julian"]
[Result "1-0"]
[Board "102"]
[TimeControl "180+1"]
[WhiteFideId "24197866"]
[BlackFideId "5101018"]
[WhiteElo "2893"]
[BlackElo "2527"]
[WhiteTeam "RUS"]
[BlackTeam "ESP"]
[WhiteClock "0:01:08"]
[BlackClock "0:00:00"]

1. e4 e5 2. Nc3 Nf6 3. g3 d5 4. exd5 Nxd5 5. Bg2 Nxc3 6. bxc3 Nc6 7. d3 Bc5 8. Ne2 O-O 9. O-O Be6 10. c4 Qd7 11. Be3 Bxe3 12. fxe3 Bh3 13. Bxh3 Qxh3 14. Nc3 Ne7 15. Rb1 b6 16. Qf3 c6 17. a4 Qe6 18. a5 Rfb8 19. axb6 axb6 20. Ra1 h6 21. Rfb1 Nc8 22. Kg2 f5 23. e4 Nd6 24. exf5 Nxf5 25. Rxa8 Rxa8 26. Rxb6 Nd4 27. Qe4 Qf6 28. Rb1 Rf8 29. Kh1 Qf2 30. Qg2 Qe3 31. Ne4 Kh7 32. g4 Ne6 33. g5 Nf4 34. Qg3 Qxg3 35. hxg3 Ne6 36. gxh6 Kxh6 37. Rb6 Nd4 38. c3 Ne2 39. Rxc6+ Kh5 40. Kg2 Ra8 41. Kf3 Ng1+ 42. Kg2 Ne2 43. Re6 Ra2 44. Rxe5+ Kh6 45. Kf3 Nc1 46. Rd5 Ne2 47. c5 Ng1+ 48. Kg4 1-0

[Event "December 12 Early 2023"]
[Site "https://www.chess.com"]
[Date "2023.12.12"]
[Round "4"]
[White "Batsiashvili, Nino"]
[Black "Bardyk, Artem"]
[Result "0-1"]
[Board "103"]
[TimeControl "180+1"]
[WhiteFideId "13602993"]
[BlackFideId "34349979"]
[WhiteElo "2525"]
[BlackElo "2761"]
[WhiteTeam "GEO"]
[BlackTeam "RUS"]
[WhiteClock "0:00:00"]
[BlackClock "0:00:39"]

1. d4 d5 2. c4 c6 3. Nf3 Nf6 4. g3 Bf5 5. Nc3 e6 6. Nh4 Be4 7. f3 Bg6 8. Qb3 Qb6 9. c5 Qxb3 10. axb3 a6 11. b4 Nbd7 12. b5 cxb5 13. Nxb5 Rc8 14. Nc3 Nb8 15. Nxg6 hxg6 16. e3 Nc6 17. Bd2 e5 18. Ne2 g5 19. Bc3 e4 20. f4 gxf4 21. gxf4 Ng4 22. Kd2 Nxh2 23. Bg2 Rh6 24. Kc2 Ng4 25. Bd2 f5 26. Ng3 g6 27. Rxh6 Bxh6 28. Bf1 Kf7 29. Be2 Nf6 30. b4 Bg7 31. b5 axb5 32. Bxb5 Ng4 33. Be2 Nxe3+ 34. Bxe3 Nxd4+ 35. Bxd4 Bxd4 36. Rd1 Rxc5+ 37. Kb1 Bf6 38. Nf1 d4 39. Rc1 Rxc1+ 40. Kxc1 d3 41. Bd1 Bd4 42. Kd2 Kf6 43. Ne3 Bxe3+ 44. Kxe3 g5 45. fxg5+ Kxg5 46. Bb3 b5 47. Bd5 b4 48. Bb3 Kg4 49. Bd5 Kg3 50. Be6 f4+ 51. Kxe4 d2 52. Bb3 f3 53. Ke3 f2 54. Ke2 Kg2 55. Bd5+ Kg1 0-1

[Event "December 12 Early 2023"]
[Site "https://www.chess.com"]
[Date "2023.12.12"]
[Round "4"]
[White "Onyshchuk, Volodymyr"]
[Black "Leenhouts, Koen"]
[Result "1/2-1/2"]
[Board "104"]
[TimeControl "180+1"]
[WhiteFideId "14114038"]
[BlackFideId "1008439"]
[WhiteElo "2758"]
[BlackElo "2526"]
[WhiteTeam "UKR"]
[BlackTeam "NED"]
[WhiteClock "0:01:18"]
[BlackClock "0:00:16"]

1. e4 e6 2. d4 d5 3. Bd3 c5 4. exd5 exd5 5. Nf3 c4 6. Be2 Nf6 7. b3 cxb3 8. axb3 Bd6 9. O-O O-O 10. c4 h6 11. Nc3 Nc6 12. h3 Re8 13. Be3 Bf5 14. Bd3 Bxd3 15. Qxd3 a6 16. Rfe1 Nb4 17. Qd2 Ne4 18. Nxe4 dxe4 19. Ne5 a5 20. Bf4 Bxe5 21. dxe5 Qxd2 22. Bxd2 Nc2 23. Bc3 Nxe1 24. Rxe1 a4 25. bxa4 Rxa4 26. Rxe4 Rc8 27. e6 fxe6 28. Rxe6 Raxc4 29. Be5 Re4 30. f4 Rf8 31. Rb6 Rfxf4 32. Bxf4 Rxf4 33. Rxb7 Rf7 34. Rb8+ Rf8 35. Rb7 1/2-1/2

[Event "December 12 Early 2023"]
[Site "https://www.chess.com"]
[Date "2023.12.12"]
[Round "4"]
[White "Srihari L R"]
[Black "Korchynskyi, Mykola"]
[Result "1-0"]
[Board "105"]
[TimeControl "180+1"]
[WhiteFideId "46617116"]
[BlackFideId "34138005"]
[WhiteElo "2734"]
[BlackElo "2524"]
[WhiteTeam "IND"]
[BlackTeam "UKR"]
[WhiteClock "0:02:07"]
[BlackClock "0:01:05"]

1. d4 d5 2. Nf3 Nf6 3. c4 e6 4. e3 Be7 5. Nc3 O-O 6. Bd3 dxc4 7. Bxc4 b6 8. O-O Bb7 9. Qe2 Nbd7 10. Rd1 Qb8 11. e4 c5 12. e5 Nd5 13. Nxd5 exd5 14. Bb5 Qc7 15. Bf4 Qc8 16. e6 Nf6 17. exf7+ Rxf7 18. Ng5 cxd4 19. Nxf7 Kxf7 20. Rac1 Qf5 21. Rc7 Ne4 22. Bd6 Re8 23. Bxe8+ 1-0

[Event "December 12 Early 2023"]
[Site "https://www.chess.com"]
[Date "2023.12.12"]
[Round "4"]
[White "Baziuk, Vladyslav"]
[Black "Harshavardhan G B"]
[Result "1-0"]
[Board "106"]
[TimeControl "180+1"]
[WhiteFideId "34107940"]
[BlackFideId "25059009"]
[WhiteElo "2517"]
[BlackElo "2730"]
[WhiteTeam "UKR"]
[BlackTeam "IND"]
[WhiteClock "0:01:00"]
[BlackClock "0:01:40"]

1. e4 e6 2. d4 d5 3. e5 Bd7 4. Nf3 a6 5. Bd3 Bb5 6. O-O Bxd3 7. Qxd3 Ne7 8. b3 Nf5 9. c4 c6 10. c5 Be7 11. g4 Nh4 12. Nxh4 Bxh4 13. f4 Be7 14. f5 Nd7 15. fxe6 fxe6 16. Qf3 Rf8 17. Qh3 Rxf1+ 18. Kxf1 Nf8 19. Nc3 g6 20. Bh6 Qa5 21. Na4 O-O-O 22. Ke2 Nd7 23. Bd2 Qc7 24. Rf1 b5 25. cxb6 Nxb6 26. Ba5 1-0

[Event "December 12 Early 2023"]
[Site "https://www.chess.com"]
[Date "2023.12.12"]
[Round "4"]
[White "Martinez Ramirez, Lennis"]
[Black "Derjabin, Ilja"]
[Result "0-1"]
[Board "107"]
[TimeControl "180+1"]
[WhiteFideId "3509079"]
[BlackFideId "14104768"]
[WhiteElo "2686"]
[BlackElo "2507"]
[WhiteTeam "CUB"]
[BlackTeam "UKR"]
[WhiteClock "0:00:10"]
[BlackClock "0:00:10"]

1. b3 Nf6 2. Bb2 g6 3. Bxf6 exf6 4. c4 f5 5. Nc3 Bg7 6. e3 O-O 7. Nge2 b6 8. g3 Bb7 9. Rg1 Na6 10. Bg2 Bxg2 11. Rxg2 c6 12. d4 d5 13. cxd5 cxd5 14. Nf4 Nc7 15. Qf3 Rc8 16. Ncxd5 Nxd5 17. Qxd5 Qe7 18. Rd1 Rc2 19. a4 Rfc8 20. Rg1 Bh6 21. Nd3 Bxe3 22. Qe5 Qxe5 23. dxe5 Bd4 24. Kf1 Ra2 25. Kg2 Rcc2 26. Rgf1 Rd2 27. h4 a5 28. Kf3 Kf8 29. Kf4 h6 30. h5 Ke7 31. hxg6 fxg6 32. g4 fxg4 33. Kxg4 Rxd1 34. Rxd1 Bxf2 35. Nf4 h5+ 36. Kf3 Bc5 37. Nxg6+ Ke6 38. Re1 Rf2+ 39. Ke4 Rb2 40. Nf4+ Kd7 41. e6+ Kc6 42. Nd3 Rxb3 43. Nxc5 bxc5 44. Kf5 Rb8 45. Kf6 c4 46. Kf7 Kc5 47. e7 c3 48. Rd1 c2 49. Rd8 c1=Q 50. Rxb8 Qf4+ 51. Ke6 Qxb8 52. Kd7 Qb7+ 53. Kd8 Qxe7+ 54. Kxe7 Kb4 55. Kd7 Kxa4 56. Ke6 Kb3 57. Kf5 a4 58. Kg5 a3 59. Kxh5 a2 60. Kg4 a1=Q 61. Kf5 0-1

[Event "December 12 Early 2023"]
[Site "https://www.chess.com"]
[Date "2023.12.12"]
[Round "4"]
[White "Ljukin, Sergei"]
[Black "Vishnu Prasanna. V"]
[Result "0-1"]
[Board "108"]
[TimeControl "180+1"]
[WhiteFideId "14102200"]
[BlackFideId "5030692"]
[WhiteElo "2490"]
[BlackElo "2658"]
[WhiteTeam "UKR"]
[BlackTeam "IND"]
[WhiteClock "0:00:00"]
[BlackClock "0:00:49"]

1. e4 c5 2. Nf3 e6 3. d4 cxd4 4. Nxd4 a6 5. Bd3 d6 6. c4 Qc7 7. Nc3 Nf6 8. O-O Nbd7 9. f4 Be7 10. Qe2 O-O 11. Bd2 b6 12. Rae1 g6 13. Kh1 Bb7 14. Nf3 Rae8 15. Ng5 Nc5 16. Bc2 Bd8 17. b4 Ncd7 18. Ba4 Nh5 19. Nf3 Bf6 20. g4 Nxf4 21. Bxf4 Bxc3 22. Rb1 Ne5 23. Bxe8 Rxe8 24. Nxe5 dxe5 25. Rb3 exf4 26. Rxc3 Qe5 27. Rcc1 Rd8 28. Rcd1 Rxd1 29. Rxd1 f3 30. Qf2 Qxe4 31. Kg1 Qxg4+ 32. Qg3 f2+ 33. Kxf2 Qxd1 34. Qb8+ Kg7 35. Qxb7 Qd4+ 36. Kg2 Qb2+ 37. Kg3 Qxb4 38. Qxa6 Qc3+ 39. Kg2 Qd4 40. a4 h5 41. Qb5 h4 42. c5 bxc5 43. a5 c4 44. a6 Qe3 45. Qxc4 h3+ 46. Kf1 Qf3+ 47. Ke1 Qh1+ 48. Kd2 Qxh2+ 49. Ke3 Qg3+ 50. Ke2 Qg2+ 51. Ke3 h2 0-1

[Event "December 12 Early 2023"]
[Site "https://www.chess.com"]
[Date "2023.12.12"]
[Round "4"]
[White "Goncalves, Davi Sulzbacher"]
[Black "Wadsworth, Matthew J"]
[Result "0-1"]
[Board "109"]
[TimeControl "180+1"]
[WhiteFideId "2154510"]
[BlackFideId "415804"]
[WhiteElo "2476"]
[BlackElo "2657"]
[WhiteTeam "BRA"]
[BlackTeam "ENG"]
[WhiteClock "0:00:17"]
[BlackClock "0:00:14"]

1. Nf3 d5 2. d4 Nf6 3. c4 c6 4. Nc3 a6 5. c5 g6 6. Bf4 Nh5 7. Bd2 Bg7 8. Na4 Nd7 9. Nb6 Nxb6 10. Ba5 Bf5 11. e3 O-O 12. Be2 Nf6 13. Bxb6 Qc8 14. O-O Nd7 15. a4 Nxb6 16. cxb6 c5 17. Rc1 c4 18. b3 Qc6 19. bxc4 dxc4 20. a5 c3 21. Qb3 Rac8 22. Ng5 h6 23. Bf3 Qd7 24. Ne4 Bxe4 25. Bxe4 e5 26. Rxc3 Rxc3 27. Qxc3 Rc8 28. Qd3 exd4 29. exd4 Qxd4 30. Qxd4 Bxd4 31. Bxb7 Rc5 32. Bxa6 Rxa5 33. b7 Be5 34. Re1 Rxa6 35. Rxe5 Ra1+ 0-1

[Event "December 12 Early 2023"]
[Site "https://www.chess.com"]
[Date "2023.12.12"]
[Round "4"]
[White "Gontcharov, Vladislav"]
[Black "Hrebenshchykova, Yelyzaveta"]
[Result "1-0"]
[Board "110"]
[TimeControl "180+1"]
[WhiteFideId "4123492"]
[BlackFideId "14159899"]
[WhiteElo "2654"]
[BlackElo "2474"]
[WhiteTeam "RUS"]
[BlackTeam "UKR"]
[WhiteClock "0:01:45"]
[BlackClock "0:01:13"]

1. d4 Nf6 2. c4 g6 3. Nc3 d5 4. cxd5 Nxd5 5. Nf3 Bg7 6. e4 Nxc3 7. bxc3 c5 8. Bb5+ Nd7 9. O-O O-O 10. Rb1 Qc7 11. Bg5 Nf6 12. Qe2 a6 13. Bd3 b5 14. d5 Bb7 15. c4 bxc4 16. Bxc4 Rfe8 17. Rfd1 Nd7 18. Bxe7 Rxe7 19. d6 Qc6 20. dxe7 Re8 21. Bd5 1-0

[Event "December 12 Early 2023"]
[Site "https://www.chess.com"]
[Date "2023.12.12"]
[Round "4"]
[White "Lehtosaari, Mauri"]
[Black "Ambartsumova, Karina"]
[Result "1-0"]
[Board "111"]
[TimeControl "180+1"]
[WhiteFideId "501999"]
[BlackFideId "4166299"]
[WhiteElo "2468"]
[BlackElo "2651"]
[WhiteTeam "FIN"]
[BlackTeam "RUS"]
[WhiteClock "0:00:15"]
[BlackClock "0:00:08"]

1. e4 e5 2. Nf3 Nc6 3. Bb5 Nf6 4. d3 d6 5. h3 g6 6. c3 Bd7 7. Ba4 Bg7 8. Be3 O-O 9. O-O Qe8 10. Nbd2 Nh5 11. Re1 Kh8 12. Bc2 f5 13. exf5 gxf5 14. Nf1 f4 15. Bc1 Bf5 16. d4 Bxc2 17. Qxc2 Qd7 18. dxe5 dxe5 19. N1d2 Rad8 20. Ne4 Qf5 21. Qb3 b6 22. Qa4 Qg6 23. Nh4 Qh6 24. Nf3 Rg8 25. Neg5 Qg6 26. Qxc6 Bf6 27. h4 h6 28. Nxe5 Bxe5 29. Qxg6 Rxg6 30. Nf7+ Kg7 31. Nxd8 Bd6 32. Ne6+ Kf6 33. Nd4 Ng7 34. Nf3 Nf5 35. Kf1 Rg7 36. Bd2 Rd7 37. c4 Bc5 38. Bc3+ 1-0

[Event "December 12 Early 2023"]
[Site "https://www.chess.com"]
[Date "2023.12.12"]
[Round "4"]
[White "Lopez Idarraga, Daniel Eduardo"]
[Black "Souleidis, Georgios"]
[Result "1/2-1/2"]
[Board "112"]
[TimeControl "180+1"]
[WhiteFideId "4405501"]
[BlackFideId "4206827"]
[WhiteElo "2456"]
[BlackElo "2648"]
[WhiteTeam "COL"]
[BlackTeam "GRE"]
[WhiteClock "0:00:06"]
[BlackClock "0:00:11"]

1. e4 c5 2. Nc3 e6 3. Nge2 Nc6 4. g3 d5 5. exd5 exd5 6. d4 Nf6 7. Bg2 cxd4 8. Nxd4 Bc5 9. Nb3 Bb4 10. O-O Bxc3 11. bxc3 O-O 12. Bg5 Be6 13. Nc5 Qb6 14. Bxf6 Qxc5 15. Bd4 Nxd4 16. Qxd4 Rac8 17. Rab1 b6 18. Rfd1 Rfd8 19. Rb3 Qxd4 20. Rxd4 Rc5 21. Kf1 Rdc8 22. Ra3 R8c7 23. Ke1 Rxc3 24. Rxc3 Rxc3 25. Bxd5 Bxd5 26. Rxd5 g6 27. Rd7 Ra3 28. Kd2 Rxa2 29. Rb7 h5 30. h4 Kg7 31. Kd3 Kf6 32. Ke4 Ke6 33. c4 Ra4 34. Kd4 f6 35. f3 Kf5 36. Kd5 Ra3 37. Kc6 g5 38. hxg5 fxg5 39. Rf7+ Kg6 40. Rf8 h4 41. gxh4 gxh4 42. Rg8+ Kf5 43. Rh8 Kg5 44. Rg8+ Kf5 45. Rh8 Rxf3 46. Rxh4 Ra3 47. Kb7 Ke5 48. Kc6 Ra5 49. Rh5+ Kd4 50. Rxa5 bxa5 51. Kb5 a4 52. Kxa4 Kxc4 53. Ka5 Kb3 54. Ka6 Kc4 55. Kxa7 1/2-1/2